← All builds
Beach sea / Cortex / Economy first / OBSERVED BUILD

Standard beach sea

The role's usual play: com goes to sea to build a shipyard around 2 minutes, pumping frigates and destroyers to contest enemy sea entry or hold vision, with an advanced metal extractor around 10 minutes as the transition into the team's…

Usually shipyard first (94%)

#naval #eco · 729 distinct matches · 102 players · 84% of Cortex Beach sea games · team won 55% of 789 · Recently observed

HOW TO PLAY IT

Key timing: Shipyard by 1:57

  1. Open 3 mex and wind while com heads straight to sea.
  2. Drop Shipyard fast, before 2:00, to seize early sea presence.
  3. Push "frigate" out to contest enemy sea entry or hold vision.
  4. Add "destroyer" as the fleet grows.
  5. Transition into Advanced Metal Extractor to catch up on eco.

Phase by phase

TYPICAL OF ITS 729 GAMES
  1. 1
  2. 2
  3. 3
PLAY THE OPENING

Follow the example game's first 6:00 step by step: what to build now, what comes next, and where it goes. At 1× it keeps pace with your own game.

  1. 1

    Up to the Shipyard

    Economy
    • Metal Extractor3Mex
    • Wind Turbine3Windfor allies
    • Wind Turbine2Wind
    • Energy Storage1Energy storage
    Order
    1. ShipyardShipyard after 3 mex, 2 wind, 1 energy storagedone ~1:57, middle half 1:45–2:08

    By 1:41 in all: 3 mex · 2 wind · 1 energy storage

    The example game in this phase · 5 steps
    1. Mex ×3
    2. Wind ×2for Air
    3. GuardGuard
    4. Tidal
    5. ShipyardShipyarddone 1:42 · typical 1:57
  2. 2

    Shipyard to 5:00

    Economy
    • Metal Extractor5Mex
    • Tidal Generator1Tidal
    Builders
    • Construction Ship2 Con ship
    Army
    • Riptide2 Frigate
    • Herring1 Missile corvette
    • Oppressor1 Destroyer
    Other
    • Naval Radar / Sonar Tower1 Naval Radar / Sonar Tower

    Some games also: Urchin (42%) · wind (41%) · submarine (40%) · con turret (35%) · gunboat (34%)

    By 5:00 in all: 8 mex · 3 wind · 2 tidal · 1 energy storage

    The example game in this phase · 22 steps
    1. Construction ShipCon ship
    2. Wind ×2for Air
    3. Tidal
    4. Construction ShipCon ship
    5. Tidal ×2
    6. Mex
    7. HerringMissile corvette
    8. Mex ×2
    9. RiptideFrigatedone 3:40 · typical 3:51
    10. Converter
    11. Wind
    12. Converter
    13. Mex
    14. Naval Radar / Sonar TowerNaval Radar / Sonar Tower
    15. RiptideFrigate
    16. Wind ×2
    17. OrcaSubmarinenot finished by 15:00
    18. OppressorDestroyerdone 4:57 · typical 5:09
    19. Wind
    20. Mex
    21. Wind
    22. Death CavalryDeath Cavalry
  3. 3

    5:00 to 10:00

    Economy
    • Metal Extractor1Mex
    • Wind Turbine10Wind
    Builders
    • Death Cavalry1 Death Cavalry
    • Construction Ship1 Con ship
    Army
    • Riptide5 Frigate
    • Oppressor2 Destroyer
    • Herring2 Missile corvette
    Other
    • Naval Radar / Sonar Tower1 Naval Radar / Sonar Tower

    Some games also: Urchin (50%) · Naval Construction Turret (47%) · Guard (47%) · Radar Tower (41%) · tidal (38%)

    By 10:00 in all: 9 mex · 12 wind · 4 wind · 4 tidal · 1 energy storage · 1 Naval Construction Turret

    The example game in this phase · 90 steps
    1. Wind
    2. Construction ShipCon ship
    3. Radar TowerRadar Tower
    4. Wind
    5. GuardGuard
    6. HerringMissile corvette
    7. GuardGuard
    8. RiptideFrigate
    9. Wind
    10. GuardGuard
    11. OppressorDestroyer
    12. Naval Radar / Sonar TowerNaval Radar / Sonar Tower
    13. Con turret
    14. Mex
    15. Tidal
    16. Mex
    17. Tidal
    18. Mex
    19. GuardGuard
    20. Tidal
    21. Mex
    22. GuardGuard ×2
    23. Naval Construction Turret
    24. Wind ×7
    25. Naval Energy Storage
    26. Wind
    27. Naval Radar / Sonar TowerNaval Radar / Sonar Tower
    28. Wind
    29. Naval Construction Turret
    30. Naval Radar / Sonar TowerNaval Radar / Sonar Tower
    31. Construction ShipCon ship
    32. Wind ×2
    33. BeholderBeholder
    34. Naval Radar / Sonar TowerNaval Radar / Sonar Tower
    35. Naval Construction Turret
    36. Wind
    37. BeholderBeholder
    38. Wind
    39. Naval Construction Turret
    40. Wind
    41. BeholderBeholder
    42. Wind
    43. Naval Radar / Sonar TowerNaval Radar / Sonar Tower
    44. BeholderBeholder
    45. Con turret
    46. Naval Energy Converter ×4
    47. Tidal ×6
    48. GuardGuard
    49. Tidal
    50. Advanced ShipyardAdvanced Shipyarddone 10:53
    51. Advanced Metal ExtractorT2 mexdone 10:48 · typical 9:57
    52. GuardGuard
    53. Naval Radar / Sonar TowerNaval Radar / Sonar Tower
    54. GuardGuard ×3
    55. Advanced Metal ExtractorT2 mex
    56. GuardGuard ×2
    57. Advanced Construction SubAdvanced Construction Sub
    58. PathfinderPathfinder
    59. Advanced Metal ExtractorT2 mex
    60. PathfinderPathfinder
    61. Naval Advanced Metal ExtractorNaval Advanced Metal Extractordone 12:21
    62. PathfinderPathfinder
    63. GuardGuard ×4
    64. PhantasmRadar jammer ship
    65. Naval Advanced Metal ExtractorNaval Advanced Metal Extractor
    66. GuardGuard
    67. DespotBattleshipdone 14:02
    68. Advanced Metal ExtractorT2 mex
    69. Naval Advanced Metal ExtractorNaval Advanced Metal Extractor
    70. Wind ×2
    71. Naval Radar / Sonar TowerNaval Radar / Sonar Tower
    72. Wind ×3
    73. Tidal
    74. Wind
    75. Tidal
    76. Wind
    77. Arrow StormAnti-air shipdone 14:22
    78. Tidal
    79. Wind ×3
    80. Tidal
    81. MessengerCruise missile shipnot finished by 15:00
    82. Wind
    83. ShipyardShipyardnot finished by 15:00
    84. Tidal
    85. Wind ×3
    86. Tidal
    87. Wind
    88. Naval Advanced Metal ExtractorNaval Advanced Metal Extractor
    89. Naval Radar / Sonar TowerNaval Radar / Sonar Tower
    90. Wind

Counts are medians over the build's games: half of them build more, half fewer. The example game is EpicTyrannus's (42 OS, 22/09/2026); pick another.

Team trades

IN AT LEAST 30% OF ITS GAMES

You hand over

  • Wind Turbine3 Wind to Airfirst at 1:54 · in 79% of games

You get

  • Finch1 Finch from Airfirst at 1:58 · in 81% of games
  • Lazarus1 Lazarus from Geofirst at 2:14 · in 62% of games
  • Hephaestus1 Heavy transport from Airfirst at 2:16 · in 68% of games
  • Construction Bot1 Con bot from Geofirst at 2:29 · in 69% of games
  • Hercules1 Light transport from Airfirst at 2:35 · in 31% of games
  • Advanced Construction Bot1 T2 con bot from Techfirst at 8:09 · in 88% of games

How it plays out

Typical game of this build, running totals by minute

Metal produced

010k20k30k
0:005:0010:0015:00

metal

Enemy metal destroyed

05k10k
0:005:0010:0015:00

metal

Own metal lost

02.5k5k7.5k
0:005:0010:0015:00

metal

789 games.

Show as table
ByMetal produced: This buildEnemy metal destroyed: This buildOwn metal lost: This build
1:0040300
2:0093700
3:00156300
4:002522050
5:003699194100
6:005026532250
7:0064731100588
8:00808018571041
9:00968328851621
10:001160240232345
11:001382252273090
12:001635262003851
13:001911172574621
14:002186583045721
15:002487692656531
WHAT THE NUMBERS SAY

Standard Beach sea wins more than Geo sea's 50% and gets its Shipyard up faster, using early sea access before falling behind on land resources.

  • + Shipyard finishes by 1:57, faster than Geo sea's 3:18
  • + 54% team win rate beats the Cortex geo sea baseline
  • − Metal produced trails Geo sea's Cortex build, 24356 vs 28451 by 15:00
  • − T2 factory only lands in 35% of games by 12:42
THE EXAMPLE YOU ARE READING

EpicTyrannus

42.3 OS · 22/09/2026

Open source match ↗

5 received units · includes a constructor
86 metal received · 27788 energy received

Allied construction assistance is unknown. Timings are observations, not a promise of solo reproducibility.

Typical milestones

Shipyard1:57Middle 50%: 1:45–2:08 · n=787
Riptide3:51Middle 50%: 3:15–4:31 · n=782
Oppressor5:09Middle 50%: 4:11–6:07 · n=764
Advanced Metal Extractor9:57Middle 50%: 9:15–10:53 · n=667

Played most by

EpicTyrannus68games of this buildDamsko64games of this buildWaboum64games of this buildPRO_HYDRA54games of this buildMrCoolPotato51games of this build